 Dungeon Crawl Stone Soup version 0.23.2-33-g5129a83184 (webtiles) character file.

Game seed: 4947549055771477706

60 FishyPogo the Caller (level 4, 0/33 HPs)
             Began as a Barachi Summoner on Aug 6, 2019.
             Killed by nerve-wracking pain
             ... invoked by a shadow imp
              (8 damage)
             ... on level 3 of the Dungeon.
             The game lasted 00:17:03 (2308 turns).

FishyPogo the Caller (Barachi Summoner)             Turns: 2308, Time: 00:17:04

Health: 0/33       AC:  9    Str:  9    XL:     4   Next: 4%
Magic:  8/8        EV:  6    Int: 17    God:
Gold:   112        SH:  0    Dex: 12    Spells: 6/9 levels left

rFire    . . .     SeeInvis .   a - +1 club
rCold    . . .     Gourm    .   (no shield)
rNeg     . . .     Faith    .   r - +0 chain mail (curse)
rPois    .         Spirit   .   f - +0 helmet
rElec    .         Reflect  .   (no cloak)
rCorr    .         Harm     .   (no gloves)
MR       .....                  (no boots)
Stlth    ..........             i - amulet of inaccuracy (curse)
HPRegen  0.11/turn              l - +2 ring of evasion
MPRegen  0.11/turn              (no ring)

@: can't hop, slow
A: +LOS, swims, slowness 1, strong legs 1
a: Hop


You were on level 3 of the Dungeon.
You were not hungry.

You visited 1 branch of the dungeon, and saw 3 of its levels.

You collected 112 gold pieces.

Inventory:

Hand Weapons
 a - a +1 club (weapon)
Missiles
 e - 125 stones (quivered)
 n - 2 throwing nets
Armour
 d - a +0 robe
 f - a +0 helmet (worn)
 r - a cursed +0 chain mail (worn)
Jewellery
 i - a cursed amulet of inaccuracy (around neck)
 l - a +2 ring of evasion (left hand)
 q - an uncursed amulet of the acrobat {unknown}
Scrolls
 g - a scroll of fog
 j - 2 scrolls of teleportation
 p - a scroll of identify
Potions
 b - 2 potions of heal wounds {unknown}
 h - 2 potions of resistance {unknown}
 m - a potion of haste
 o - 2 potions of curing {unknown}
Comestibles
 c - 7 rations


   Skills:
 * Level 2.0 Fighting
 + Level 2.7 Dodging
 - Level 2.0 Stealth
 * Level 3.0 Spellcasting
 + Level 5.2 Summonings


You had 6 spell levels left.
You knew the following spells:

 Your Spells              Type           Power        Failure   Level  Hunger
a - Summon Small Mammal   Summ           ###.         95%         1    None
b - Call Imp              Summ           ###.....     99%         2    ##.....

Your spell library contained the following spells:

 Spells                   Type           Power        Failure   Level  Hunger
 Call Canine Familiar     Summ           ###.....     100%        3    ###....
 Summon Guardian Golem    Hex/Summ       ##......     100%        3    ###....
 Summon Ice Beast         Ice/Summ       ##......     100%        4    ####...
 Summon Lightning Spire   Summ/Air       ##......     100%        4    ####...


Dungeon Overview and Level Annotations

Branches:
Dungeon (3/15)

Altars:


Innate Abilities, Weirdness & Mutations

Shadows flee at your approach. (+LOS)
You can swim through water.
You cover ground slowly.
You can hop short distances.


Message History

The shadow imp hits you but does no damage.
You barely miss the shadow imp.
The shadow imp is heavily wounded.
The shadow imp hits you.
You barely miss the shadow imp.
The shadow imp is heavily wounded.
The shadow imp lashes its tail.
The shadow imp hits you.
* * * LOW HITPOINT WARNING * * *
The shadow imp barely misses you. The shadow imp spits at you.
Your chain mail prevents you from hitting the shadow imp.
The shadow imp is heavily wounded.
The shadow imp hits you but does no damage.
Hop to where?
Press: ? - help, Dir - move target cursor Boing!
The shadow imp gestures at you. Pain shoots through your body!
You die...

##........'.#
#........#.#
#..####'##.#
##># #.#..#
#.# #.#.##
#.# ..#.# #.#
#(#.# [#
[.#.######
#.#.@.○..#
#.#####5##
#.# #.# #.#
#......#
########


You could see a shadow imp.

Vanquished Creatures
  2 leopard geckos
  An orc (D:3)
  2 giant cockroaches
  A goblin (D:3)
  2 hobgoblins
  2 kobolds
  A quokka (D:3)
  3 bats (D:2)
  A rat (D:2)
15 creatures vanquished.

Vanquished Creatures (collateral kills)
  3 adders (D:2)
  A leopard gecko (D:1)
  7 bats
  2 giant cockroaches (D:2)
  5 goblins
  2 hobgoblins
  3 jackals (D:2)
  3 kobolds
  A ball python (D:2)
  6 frilled lizards
  4 rats (D:2)
37 creatures vanquished.

Grand Total: 52 creatures vanquished

Notes
Turn   | Place    | Note
-------+----------+-------------------------------------------
     0 | D:1      | FishyPogo the Barachi Summoner began the quest for the Orb.
     0 | D:1      | Reached XP level 1. HP: 13/13 MP: 3/3
   154 | D:1      | Reached skill level 5 in Summonings
   231 | D:1      | Reached XP level 2. HP: 17/19 MP: 0/5
   393 | D:1      | Learned a level 2 spell: Call Imp
   786 | D:2      | Reached skill level 1 in Fighting
   855 | D:2      | Reached XP level 3. HP: 26/26 MP: 3/6
  1943 | D:3      | Reached XP level 4. HP: 33/33 MP: 6/8
  2308 | D:3      | Killed from afar by a shadow imp

Skill      XL: |  1  2  3  4 |
---------------+-------------+-----
Summonings     | 5 |  5.2
Stealth        | 2 |  2.0
Fighting       | 1 2 |  2.0
Spellcasting   | 3 |  3.0
Dodging        | |  2.7

Action                   |  1- 3 |  4- 6 || total
-------------------------+-------+-------++-------
Melee: Club              |    81 |    50 ||   131
       Unarmed           |     3 |       ||     3
Throw: Stone             |    11 |     5 ||    16
 Cast: Summon Small Mamm |    32 |       ||    32
       Call Imp          |    16 |       ||    16
 Abil: Hop               |     5 |     1 ||     6
  Use: Scroll            |     5 |       ||     5
 Stab: Distracted        |     1 |       ||     1
  Eat: Chunk             |     6 |     1 ||     7
Armor: Robe              |     9 |       ||     9
       Chain mail        |    72 |    30 ||   102
Dodge: Dodged            |    84 |    24 ||   108
